[Event "Titled Tuesday Blitz June 6 Early 2023"]
[White "Buchenau, Frank"]
[Black "Araujo Filho, Luiz Antonio Coel"]
[WhiteFideId "4604350"]
[BlackFideId "2130661"]
[WhiteElo "2157"]
[BlackElo "2056"]
[Result "1-0"]
[Round "4"]
[TimeControl "180+2"]
[Date "2023.06.06"]
[WhiteClock "0:00:55"]
[BlackClock "0:00:03"]
[Board "168"]

1. e4 c6 2. Nf3 d5 3. Nc3 dxe4 4. Nxe4 Nf6 5. Nxf6+ exf6 6. d4 Bd6 7. Be2 O-O 8. O-O Re8 9. c4 Nd7 10. Bd2 Nf8 11. Bc3 b6 12. Re1 Qc7 13. b4 Ng6 14. c5 Bf8 15. g3 Be6 16. a4 Bd5 17. Nd2 bxc5 18. dxc5 Ne5 19. Qc2 Qd7 20. Rad1 Qh3 21. Bf1 Qh5 22. Bg2 Rad8 23. h3 Be6 24. f4 Nd3 25. Re3 Nxc5 26. g4 Bxg4 27. hxg4 Qxg4 28. Rde1 Rxe3 29. Rxe3 Ne6 30. Qe4 Nxf4 31. Qf3 Qxf3 32. Bxf3 Nd5 33. Rd3 1-0


[Site "https://www.chess.com"]

[Event "Titled Tuesday Blitz June 6 Early 2023"]
[White "Naguleswaran, Annorjan"]
[Black "Garcia Jimenez, Francisco Javier"]
[WhiteFideId "2093197"]
[BlackFideId "2231590"]
[WhiteElo "2127"]
[BlackElo "2246"]
[Result "0-1"]
[Round "4"]
[TimeControl "180+2"]
[Date "2023.06.06"]
[WhiteClock "0:00:01"]
[BlackClock "0:01:23"]
[Board "169"]

1. e4 d5 2. exd5 Qxd5 3. Nc3 Qd8 4. Bc4 Nf6 5. d3 Nc6 6. Nf3 Na5 7. Qe2 Nxc4 8. dxc4 Bg4 9. Bd2 c6 10. O-O-O Qc7 11. h3 Bh5 12. g4 Bg6 13. Ne5 e6 14. Bf4 Qa5 15. g5 Nh5 16. Bh2 Bb4 17. Nxg6 hxg6 18. Qd3 O-O 19. a3 Bxc3 20. Qxc3 Qxc3 21. bxc3 Rfd8 22. Bc7 Re8 23. Rd7 e5 24. Re1 Nf4 25. Rxe5 Nxh3 26. Bd6 Rxe5 27. Bxe5 Nxf2 28. Rxb7 Ne4 29. Rc7 Nxg5 30. Rxc6 f6 31. Bf4 Ne4 32. Rc7 g5 33. Be3 g4 34. Bxa7 g3 35. Re7 f5 36. Be3 Rxa3 37. Kb2 Ra5 38. Bd4 Nf6 39. Re3 f4 40. Rf3 Nh5 41. c5 g5 42. c6 Ra6 0-1


[Site "https://www.chess.com"]

[Event "Titled Tuesday Blitz June 6 Early 2023"]
[White "Zallio, Luciano de Souza"]
[Black "Bochnicka, Vladimir"]
[WhiteFideId "2109700"]
[BlackFideId "14943450"]
[WhiteElo "2057"]
[BlackElo "2094"]
[Result "0-1"]
[Round "4"]
[TimeControl "180+2"]
[Date "2023.06.06"]
[WhiteClock "0:00:42"]
[BlackClock "0:00:18"]
[Board "170"]

1. c4 Nf6 2. g3 c5 3. Bg2 g6 4. Nc3 Bg7 5. e3 Nc6 6. Nge2 d6 7. d4 Bd7 8. O-O Qc8 9. Re1 h5 10. h4 O-O 11. a3 cxd4 12. exd4 Na5 13. b3 Rb8 14. Bd2 Nc6 15. Rc1 Ng4 16. Be3 Nxe3 17. fxe3 Bg4 18. Qc2 e5 19. d5 Ne7 20. Ne4 Qd7 21. Qd3 b6 22. b4 a5 23. Rf1 axb4 24. axb4 b5 25. c5 Nxd5 26. Qxd5 Bxe2 27. Rf6 Bc4 28. Qxd6 Qa7 29. Qxe5 Rbe8 30. Qf4 Qa3 31. Rf1 Bxf1 32. Qxf1 Rxe4 33. Bxe4 Bxf6 34. Qxf6 Qxe3+ 35. Qf2 Qxe4 36. Kh2 Qxb4 37. c6 Qc4 38. Qb6 b4 39. c7 b3 40. Qb8 Qc2+ 41. Kh3 b2 0-1


[Site "https://www.chess.com"]

[Event "Titled Tuesday Blitz June 6 Early 2023"]
[White "Lakshmi C"]
[Black "Rangel, Daniel"]
[WhiteFideId "25035347"]
[BlackFideId "2124475"]
[WhiteElo "1942"]
[BlackElo "2231"]
[Result "0-1"]
[Round "4"]
[TimeControl "180+2"]
[Date "2023.06.06"]
[WhiteClock "0:00:02"]
[BlackClock "0:01:35"]
[Board "171"]

1. e4 c5 2. Nf3 d6 3. d4 cxd4 4. Nxd4 Nf6 5. Nc3 g6 6. Be2 Bg7 7. O-O O-O 8. Be3 Nc6 9. Nb3 Be6 10. f4 Na5 11. Nxa5 Qxa5 12. Bd4 Qb4 13. Bf3 h5 14. a3 Qxb2 15. Nd5 Qxd4+ 16. Qxd4 Nxd5 17. Qd2 Nc3 18. f5 Bc4 19. Rfe1 Kh7 20. e5 Nb5 21. Qf4 d5 22. f6 exf6 23. exf6 Bh6 24. Qg3 Nd6 0-1


[Site "https://www.chess.com"]

[Event "Titled Tuesday Blitz June 6 Early 2023"]
[White "Aung Thant Zin"]
[Black "Avazkhonov, Alikhon"]
[WhiteFideId "13000063"]
[BlackFideId "14208504"]
[WhiteElo "2278"]
[BlackElo "1739"]
[Result "0-1"]
[Round "4"]
[TimeControl "180+2"]
[Date "2023.06.06"]
[WhiteClock "0:00:14"]
[BlackClock "0:00:04"]
[Board "172"]

1. e4 c5 2. Nf3 d6 3. Bb5+ Nd7 4. O-O a6 5. Bxd7+ Bxd7 6. h3 Nf6 7. Re1 e6 8. c3 Be7 9. d4 cxd4 10. cxd4 O-O 11. Nc3 Rc8 12. Be3 b5 13. a3 Bc6 14. d5 Bb7 15. dxe6 fxe6 16. Nd4 Qd7 17. f3 d5 18. e5 Ne8 19. Qe2 Rc7 20. Rad1 Bxa3 21. f4 Bb4 22. Qd3 Rc4 23. f5 exf5 24. e6 Qc8 25. Nxf5 Qxe6 26. g4 d4 27. Bxd4 Qc6 28. Ne4 Rxf5 29. gxf5 Nd6 30. Nf6+ gxf6 31. Qg3+ Kf7 32. Kh2 Rc2+ 33. Bf2 Nxf5 34. Qb3+ Rc4 35. Rg1 Bd6+ 36. Bg3 Bxg3+ 37. Rxg3 Nxg3 38. Qxg3 Rc2+ 39. Kg1 Rg2+ 40. Kf1 Rxg3 0-1


[Site "https://www.chess.com"]

[Event "Titled Tuesday Blitz June 6 Early 2023"]
[White "Joubert, Dantelle"]
[Black "Toktomushev, Teimur"]
[WhiteFideId "14310813"]
[BlackFideId "14176726"]
[WhiteElo "1507"]
[BlackElo "2116"]
[Result "0-1"]
[Round "4"]
[TimeControl "180+2"]
[Date "2023.06.06"]
[WhiteClock "0:00:05"]
[BlackClock "0:00:03"]
[Board "173"]

1. e4 c5 2. Nf3 e6 3. d4 cxd4 4. Nxd4 a6 5. Bd3 Bc5 6. Nb3 Ba7 7. O-O Ne7 8. c4 O-O 9. Nc3 Nbc6 10. Qe2 Re8 11. Bg5 Qc7 12. Kh1 Ng6 13. Nd2 h6 14. Be3 Nf4 15. Bxf4 Qxf4 16. g3 Qc7 17. f4 Bd4 18. Nf3 Bxc3 19. bxc3 b6 20. Kg1 Bb7 21. Rab1 Rab8 22. Qe3 Ba8 23. Rb2 d5 24. cxd5 exd5 25. e5 Na5 26. Rfb1 b5 27. Nd4 Rbc8 28. Rc2 Nc4 29. Qf3 Qa7 30. Qg4 Kh8 31. Qf5 g6 32. Qf6+ Kg8 33. f5 Nxe5 34. fxg6 Nxd3 0-1


[Site "https://www.chess.com"]

[Event "Titled Tuesday Blitz June 6 Early 2023"]
[White "Szyszylo, Rafal"]
[Black "Butolo, Alexandru-Mircea"]
[WhiteFideId "1109626"]
[BlackFideId "1261649"]
[WhiteElo "1951"]
[BlackElo "1850"]
[Result "1/2-1/2"]
[Round "4"]
[TimeControl "180+2"]
[Date "2023.06.06"]
[WhiteClock "0:00:10"]
[BlackClock "0:00:06"]
[Board "174"]

1. e4 c5 2. Nc3 a6 3. g3 b5 4. Bg2 Bb7 5. d3 e6 6. f4 Be7 7. Qg4 Nf6 8. Qxg7 Rg8 9. Qh6 Rg6 10. Qh3 h5 11. Nf3 Nc6 12. Ne5 Qc7 13. Nxg6 fxg6 14. Be3 Nd4 15. O-O-O Ng4 16. Bg1 b4 17. Na4 Bc6 18. b3 Bxa4 19. bxa4 Qa5 20. Bxd4 cxd4 21. Bf3 Ne3 22. Kd2 b3+ 23. Ke2 bxc2 24. Rc1 Ba3 25. e5 Bxc1 26. Rxc1 Rb8 27. Qh4 Rb1 28. Qf6 Rxc1 29. Qh8+ Ke7 30. Qf6+ Ke8 31. Qh8+ Ke7 32. Qf6+ Ke8 1/2-1/2


[Site "https://www.chess.com"]

[Event "Titled Tuesday Blitz June 6 Early 2023"]
[White "Przybylski, Wojciech"]
[Black "Sanchez, Robert"]
[WhiteFideId "1117599"]
[BlackFideId "2034360"]
[WhiteElo "2228"]
[BlackElo "1795"]
[Result "1-0"]
[Round "4"]
[TimeControl "180+2"]
[Date "2023.06.06"]
[WhiteClock "0:02:16"]
[BlackClock "0:02:02"]
[Board "175"]

1. e4 e6 2. d4 d5 3. exd5 exd5 4. Nf3 Nf6 5. Bd3 c5 6. O-O Be7 7. dxc5 Bxc5 8. Re1+ Be6 9. Bf5 O-O 10. Bxe6 fxe6 11. Be3 Bd6 12. Bd4 Ne4 13. Nbd2 Nc6 14. Nxe4 dxe4 15. Rxe4 Nxd4 16. Rxd4 Qb6 17. Rxd6 Qxb2 18. Rb1 Qxa2 19. Rxb7 1-0


[Site "https://www.chess.com"]

[Event "Titled Tuesday Blitz June 6 Early 2023"]
[White "Senft, Sean"]
[Black "Sychev, Klementy"]
[WhiteFideId "2044960"]
[BlackFideId "4114060"]
[WhiteElo "1989"]
[BlackElo "2583"]
[Result "0-1"]
[Round "4"]
[TimeControl "180+2"]
[Date "2023.06.06"]
[WhiteClock "0:00:18"]
[BlackClock "0:00:12"]
[Board "176"]

1. d4 Nf6 2. c4 e6 3. Nc3 Bb4 4. Nf3 d5 5. cxd5 exd5 6. Bg5 h6 7. Bh4 Nbd7 8. e3 g5 9. Bg3 Ne4 10. Nd2 Nxg3 11. hxg3 c6 12. Bd3 Nf6 13. Qc2 Be6 14. a3 Bd6 15. b4 Qe7 16. Rb1 Ng4 17. Nf3 Kf8 18. Kf1 Bxg3 19. Nd1 Bxf2 20. b5 Nxe3+ 21. Nxe3 Bxe3 22. bxc6 bxc6 23. Re1 Bf4 24. Kf2 Kg7 25. Ne5 Qf6 26. Kg1 Rab8 27. Rf1 Bxe5 28. Rxf6 Bxf6 29. Bf5 Bxd4+ 30. Kh2 Be5+ 31. Kh3 Rb2 32. Qd3 Rhb8 33. Kg4 R8b3 34. Qf1 Rg3+ 35. Kh5 Rgxg2 36. Bxe6 fxe6 37. Qd3 Rh2+ 38. Rxh2 Rxh2+ 39. Kg4 Rh4+ 40. Kf3 Rh3+ 41. Ke2 Rxd3 0-1


[Site "https://www.chess.com"]

[Event "Titled Tuesday Blitz June 6 Early 2023"]
[White "Bachmann, Axel"]
[Black "Hoffmann, Asa"]
[WhiteFideId "3700488"]
[BlackFideId "2001470"]
[WhiteElo "2605"]
[BlackElo "2117"]
[Result "0-1"]
[Round "4"]
[TimeControl "180+2"]
[Date "2023.06.06"]
[WhiteClock "0:00:23"]
[BlackClock "0:00:46"]
[Board "177"]

1. e4 d6 2. d4 Nf6 3. Nc3 c6 4. h3 b5 5. Bd3 e5 6. d5 b4 7. Nce2 cxd5 8. exd5 Bb7 9. Bc4 Nbd7 10. Nf3 Be7 11. Bb3 O-O 12. O-O a5 13. c4 Nc5 14. Bc2 Nfd7 15. b3 f5 16. Bb2 g6 17. a3 Bf6 18. axb4 axb4 19. Qd2 Qe7 20. Rxa8 Bxa8 21. Ra1 Ne4 22. Qe1 Ndc5 23. Nd2 Ng5 24. f4 exf4 25. Nxf4 Qxe1+ 26. Rxe1 Bxb2 27. Re7 Be5 28. Ne6 0-1


[Site "https://www.chess.com"]

[Event "Titled Tuesday Blitz June 6 Early 2023"]
[White "Do Nascimento,Christian Almeida"]
[Black "Yanayt, Eugene"]
[WhiteFideId "2143801"]
[BlackFideId "2020165"]
[WhiteElo "2078"]
[BlackElo "2083"]
[Result "1/2-1/2"]
[Round "4"]
[TimeControl "180+2"]
[Date "2023.06.06"]
[WhiteClock "0:00:17"]
[BlackClock "0:00:14"]
[Board "178"]

1. e4 c5 2. Nf3 Nc6 3. d4 cxd4 4. Nxd4 g6 5. Be3 Bg7 6. Nc3 Nf6 7. Bc4 O-O 8. Bb3 d6 9. f3 Nxd4 10. Bxd4 Bd7 11. Qd2 b5 12. h4 Nh5 13. Bxg7 Kxg7 14. g4 Nf6 15. h5 Rh8 16. O-O-O a5 17. e5 Nxg4 18. fxg4 Bxg4 19. Rdg1 Bf5 20. Bd5 Rb8 21. Be4 Bxe4 22. Nxe4 dxe5 23. h6+ Kf8 24. Rd1 Qxd2+ 25. Rxd2 f6 26. Rd7 Kf7 27. Rf1 Ke6 28. Ra7 Rhd8 29. Nc5+ Kf7 30. Rxa5 Rd4 31. Rd1 g5 32. Rxd4 exd4 33. Ra7 Rd8 34. Kd2 Rd5 35. Ne4 g4 36. Ra3 f5 37. Ng5+ Kg6 38. Ne6 Re5 39. Nf4+ Kxh6 40. Ra7 Re4 41. Ne2 f4 42. Rd7 f3 43. Ng3 Rf4 44. Ke1 Kg5 45. Kf2 e5 46. Rg7+ Kh6 47. Re7 Kg6 48. Rxe5 h5 49. Rxh5 Rf6 50. Rxb5 Rc6 51. c3 dxc3 52. bxc3 Rxc3 53. Rb2 Ra3 54. Rc2 Kg5 55. Rb2 Kf4 56. Nf1 Ke4 57. Rb4+ Kd3 58. Rb2 Ke4 59. Rb4+ Kd3 60. Rxg4 Rxa2+ 61. Kxf3 Ra1 62. Ng3 Ra8 63. Rg7 Rf8+ 64. Kg2 Ke3 65. Re7+ Kf4 66. Re2 Rg8 67. Rf2+ Ke3 68. Rf3+ Kd2 69. Kf2 Kd1 70. Ne4 Kc2 71. Rc3+ Kb2 72. Rf3 Re8 73. Re3 Kc2 74. Ke2 Rd8 75. Rc3+ Kb2 76. Re3 Rc8 77. Nf2 Rc2+ 78. Ke1 Rc1+ 79. Nd1+ Kc2 80. Rc3+ Kb1 81. Rb3+ Kc2 82. Rb2+ Kd3 83. Rd2+ Ke4 84. Ke2 Rc4 85. Nf2+ Kf4 86. Nd3+ Ke4 87. Rd1 Rc2+ 88. Ke1 Ke3 89. Kf1 Re2 90. Ne1 Rf2+ 91. Kg1 Ke2 92. Ra1 Rf1+ 93. Kg2 Rxe1 94. Ra2+ Kd1 95. Ra1+ Ke2 96. Rxe1+ Kxe1 1/2-1/2


[Site "https://www.chess.com"]

[Event "Titled Tuesday Blitz June 6 Early 2023"]
[White "Toczek, Grzegorz"]
[Black "Chuemsakul, Sarocha"]
[WhiteFideId "1106457"]
[BlackFideId "6203710"]
[WhiteElo "2093"]
[BlackElo "1686"]
[Result "0-1"]
[Round "4"]
[TimeControl "180+2"]
[Date "2023.06.06"]
[WhiteClock "0:00:03"]
[BlackClock "0:00:02"]
[Board "179"]

1. d4 Nf6 2. Nf3 g6 3. g3 Bg7 4. Bg2 d6 5. O-O O-O 6. b3 Nfd7 7. Bb2 c5 8. e3 Nc6 9. c4 Rb8 10. Nc3 a6 11. Rc1 cxd4 12. Nxd4 Nxd4 13. exd4 b5 14. cxb5 axb5 15. Qe2 b4 16. Nd5 e6 17. Ne3 d5 18. h4 h5 19. Bf3 Qb6 20. Rfd1 Ba6 21. Qd2 Rfc8 22. Ng2 Qa5 23. a4 Nb6 24. Nf4 Nc4 25. bxc4 dxc4 26. Qe3 c3 27. Ba1 Bb7 28. Bxb7 Rxb7 29. Nd3 Rbc7 30. Ne5 Qxa4 31. Nxf7 Kxf7 32. d5 Re7 33. dxe6+ Rxe6 34. Qf3+ Rf6 35. Qb7+ Kg8 36. Qxc8+ Kh7 37. Rd7 Qa2 0-1


[Site "https://www.chess.com"]

[Event "Titled Tuesday Blitz June 6 Early 2023"]
[White "Baraeva, Irina"]
[Black "Kokoszczynski, Jan"]
[WhiteFideId "24142565"]
[BlackFideId "1174460"]
[WhiteElo "2085"]
[BlackElo "2139"]
[Result "0-1"]
[Round "4"]
[TimeControl "180+2"]
[Date "2023.06.06"]
[WhiteClock "0:00:14"]
[BlackClock "0:00:34"]
[Board "180"]

1. d4 Nf6 2. c4 c5 3. d5 e5 4. Nc3 d6 5. g3 g6 6. Bg2 Bg7 7. e4 O-O 8. Nge2 Nbd7 9. O-O a6 10. a4 b6 11. f4 exf4 12. Bxf4 Qe7 13. Nc1 Ne5 14. Bxe5 Qxe5 15. Qd3 Ng4 16. N1e2 Qe7 17. Rae1 Ne5 18. Qc2 Nxc4 19. h3 Ne5 20. Kh2 Bd7 21. Nf4 b5 22. axb5 axb5 23. Ra1 b4 24. Nce2 Bb5 25. Rfd1 Nc4 26. Rxa8 Rxa8 27. Rb1 Ne3 28. Qd2 Nxg2 29. Nxg2 Qxe4 30. Re1 Qd3 31. Qc1 Qb3 32. Qf4 Be5 33. Qh4 Qxb2 34. Nef4 Ra2 35. Qd8+ Kg7 36. Qe7 Bxf4 37. gxf4 Qxg2# 0-1


[Site "https://www.chess.com"]

[Event "Titled Tuesday Blitz June 6 Early 2023"]
[White "Balla, Tamas-Kristof"]
[Black "Antonio, Jorge Carlos"]
[WhiteFideId "1208497"]
[BlackFideId "113190"]
[WhiteElo "2334"]
[BlackElo "2247"]
[Result "1-0"]
[Round "4"]
[TimeControl "180+2"]
[Date "2023.06.06"]
[WhiteClock "0:00:42"]
[BlackClock "0:00:53"]
[Board "181"]

1. e4 c5 2. Nf3 e6 3. c3 Nc6 4. d4 cxd4 5. cxd4 d5 6. e5 a6 7. a3 Nge7 8. Bd3 Ng6 9. O-O Be7 10. Nc3 O-O 11. Be3 Na5 12. Rc1 b5 13. Bb1 Nc4 14. Qe2 b4 15. axb4 Bxb4 16. Bg5 Qb6 17. b3 Na3 18. Na4 Qb5 19. Bd3 Qb8 20. h4 Be7 21. h5 Bxg5 22. Nxg5 h6 23. hxg6 hxg5 24. Qh5 fxg6 25. Bxg6 Rf4 26. Qh7+ Kf8 27. Qh8+ Ke7 28. Qxg7+ Kd8 29. Qg8+ Ke7 30. Qe8# 1-0


[Site "https://www.chess.com"]

[Event "Titled Tuesday Blitz June 6 Early 2023"]
[White "agvania123"]
[Black "Gatterer, Florian"]
[BlackFideId "811688"]
[WhiteElo "2237"]
[BlackElo "2221"]
[Result "1/2-1/2"]
[Round "4"]
[TimeControl "180+2"]
[Date "2023.06.06"]
[WhiteClock "0:02:23"]
[BlackClock "0:02:24"]
[Board "182"]

1. d4 Nf6 2. c4 g6 3. Nf3 Bg7 4. g3 c6 5. Bg2 d5 6. O-O O-O 7. Nbd2 a5 8. b3 a4 9. bxa4 Qa5 10. cxd5 Nxd5 11. e4 Nc3 12. Qc2 Ne2+ 13. Kh1 Nxc1 14. Rfxc1 Qxa4 15. Nb3 Bg4 16. Qd2 Nd7 17. h3 Bxf3 18. Bxf3 1/2-1/2


[Site "https://www.chess.com"]

[Event "Titled Tuesday Blitz June 6 Early 2023"]
[White "Schuh, Karsten"]
[Black "Antonova, Nadezhda"]
[WhiteFideId "4637950"]
[BlackFideId "14700182"]
[WhiteElo "2177"]
[BlackElo "1795"]
[Result "1-0"]
[Round "4"]
[TimeControl "180+2"]
[Date "2023.06.06"]
[WhiteClock "0:00:11"]
[BlackClock "0:00:04"]
[Board "183"]

1. Nf3 Nf6 2. c4 g6 3. b4 Bg7 4. Bb2 O-O 5. g3 d5 6. cxd5 Nxd5 7. Bxg7 Kxg7 8. Qb3 Na6 9. a3 c6 10. Bg2 f6 11. O-O Be6 12. Qb2 Bf7 13. Nc3 Nac7 14. Rfd1 Kg8 15. Rac1 Qd7 16. Na4 b6 17. e4 c5 18. Qc2 cxb4 19. exd5 Nxd5 20. axb4 Nxb4 21. Qe4 Qxa4 22. Qxe7 Nd3 23. Ra1 Qe8 24. Rxa7 Rxa7 25. Qxa7 Qb8 26. Qa3 Nc5 27. Nd4 Ne6 28. Nc6 Qc7 29. Qb2 Kg7 30. Rb1 Qd6 31. d4 b5 32. Qxb5 Nxd4 33. Nxd4 Qxd4 34. Qb7 Rd8 35. h4 Rd7 36. Qf3 Bd5 37. Qe2 Bxg2 38. Kxg2 Qd5+ 39. Qf3 Qxf3+ 40. Kxf3 f5 41. Rb6 Rc7 42. h5 Rc3+ 43. Kf4 Rc7 44. hxg6 hxg6 45. f3 Rf7 46. g4 Rf6 47. Rb7+ Rf7 48. Rxf7+ Kxf7 49. gxf5 Kg7 50. fxg6 Kxg6 51. Ke5 Kg7 52. Ke6 Kf8 53. f4 Ke8 54. Kf6 Kf8 55. f5 Kg8 56. Ke7 Kg7 57. f6+ 1-0


[Site "https://www.chess.com"]

[Event "Titled Tuesday Blitz June 6 Early 2023"]
[White "a-z30"]
[Black "Amitpal, Singh"]
[BlackFideId "5012899"]
[WhiteElo "2393"]
[BlackElo "2107"]
[Result "0-1"]
[Round "4"]
[TimeControl "180+2"]
[Date "2023.06.06"]
[WhiteClock "0:00:01"]
[BlackClock "0:00:24"]
[Board "184"]

1. d3 d5 2. Nf3 Nf6 3. g3 Nc6 4. Bg2 e5 5. O-O Bc5 6. Nxe5 Bxf2+ 7. Rxf2 Nxe5 8. h3 h6 9. Nd2 O-O 10. Nf3 Ng6 11. Nd4 Qd6 12. Rf3 Qb6 13. e3 c5 14. Nf5 Bxf5 15. Rxf5 Qe6 16. Qf3 Rfe8 17. Bd2 Rad8 18. Rf1 Ne5 19. Qf4 Ng6 20. Qf2 b6 21. g4 Ne7 22. Rf3 d4 23. e4 Nh7 24. Qg3 Qxa2 25. h4 Rf8 26. Bh3 Qxb2 27. h5 Qxc2 28. R3f2 Qb3 29. g5 Nxg5 30. Bxg5 hxg5 31. Qxg5 f6 32. Be6+ Qxe6 33. Qg3 Kf7 34. Rg2 Rg8 35. e5 f5 36. Qg5 Qh6 37. Qh4 Qe3+ 38. Kh1 Qxe5 39. Rgf2 Qf6 0-1


[Site "https://www.chess.com"]

[Event "Titled Tuesday Blitz June 6 Early 2023"]
[White "Ruiz Aguilar, Pablo Alexander"]
[Black "Floresvillar Gonzalez, Luis Migu"]
[WhiteFideId "4401352"]
[BlackFideId "5100542"]
[WhiteElo "2111"]
[BlackElo "2040"]
[Result "1/2-1/2"]
[Round "4"]
[TimeControl "180+2"]
[Date "2023.06.06"]
[WhiteClock "0:01:12"]
[BlackClock "0:00:36"]
[Board "185"]

1. e4 e6 2. d4 d5 3. e5 c5 4. c3 Nc6 5. Nf3 Qb6 6. Be2 Bd7 7. O-O cxd4 8. cxd4 Nge7 9. Nc3 Nf5 10. Na4 Qc7 11. g4 Nfe7 12. Be3 h5 13. h3 hxg4 14. hxg4 Ng6 15. Rc1 Nh4 16. Nxh4 Rxh4 17. Kg2 Be7 18. Rh1 Rxh1 19. Qxh1 O-O-O 20. Qh7 Bf8 21. Nc5 Kb8 22. Nxd7+ Qxd7 23. Bb5 Rc8 24. Qg8 Qe8 25. Bxc6 Rxc6 26. Rxc6 bxc6 27. b4 a6 28. Bd2 Qe7 29. a3 Kb7 30. Bg5 Qxg5 31. Qxf8 Qxg4+ 32. Kh2 Qf4+ 33. Kg2 Qg4+ 34. Kh2 Qf4+ 35. Kg1 Qg4+ 36. Kh2 1/2-1/2


[Site "https://www.chess.com"]

[Event "Titled Tuesday Blitz June 6 Early 2023"]
[White "Perske, Thore"]
[Black "Kriti Mayur Patel"]
[WhiteFideId "12902195"]
[BlackFideId "35061780"]
[WhiteElo "2336"]
[BlackElo "1306"]
[Result "1-0"]
[Round "4"]
[TimeControl "180+2"]
[Date "2023.06.06"]
[WhiteClock "0:02:19"]
[BlackClock "0:00:56"]
[Board "187"]

1. e4 e5 2. Nf3 Nc6 3. Bb5 Nf6 4. Nc3 a6 5. Ba4 b5 6. Bb3 Bc5 7. d3 d6 8. a3 Bg4 9. h3 Bh5 10. g4 Bg6 11. Bg5 O-O 12. Nd5 a5 13. a4 b4 14. Qd2 Bd4 15. O-O-O Rb8 16. Nh4 Re8 17. Nf5 Bxf5 18. gxf5 Ba7 19. Rhg1 Kh8 20. Bxf6 gxf6 21. Qh6 Rg8 22. Nxf6 Be3+ 23. fxe3 Rxg1 24. Qxh7# 1-0


[Site "https://www.chess.com"]

[Event "Titled Tuesday Blitz June 6 Early 2023"]
[White "Nikulina, Alena"]
[Black "Escanor89"]
[WhiteFideId "4172051"]
[WhiteElo "1608"]
[BlackElo "2531"]
[Result "0-1"]
[Round "4"]
[TimeControl "180+2"]
[Date "2023.06.06"]
[WhiteClock "0:00:08"]
[BlackClock "0:00:31"]
[Board "188"]

1. e4 c5 2. Nf3 e6 3. d4 cxd4 4. Nxd4 Nf6 5. Nc3 Nc6 6. Nxc6 bxc6 7. e5 Nd5 8. Ne4 Qc7 9. f4 Qb6 10. c4 Bb4+ 11. Ke2 Ba6 12. Kf3 f5 13. exf6 Nxf6 14. Be3 Qb8 15. a3 Be7 16. Bc5 Nxe4 17. Bxe7 Kxe7 18. Kxe4 Qxb2 19. c5 Bxf1 20. Qxf1 Rhf8 21. g3 Rf5 22. Qc4 Rb8 23. Rab1 Qg2+ 24. Ke3 Rxb1 25. Rxb1 Rd5 26. Qc3 Kf7 27. Rb2 Qf1 28. Rb7 Qg1+ 29. Kf3 Qxh2 30. Rxa7 Rd2 31. Qe3 h5 32. Ke4 Qg2+ 33. Ke5 Rd5# 0-1


[Site "https://www.chess.com"]

[Event "Titled Tuesday Blitz June 6 Early 2023"]
[White "Sokolov, Andrei"]
[Black "Cramling Bellon, Anna"]
[WhiteFideId "11600306"]
[BlackFideId "32009232"]
[WhiteElo "2473"]
[BlackElo "1976"]
[Result "0-1"]
[Round "4"]
[TimeControl "180+2"]
[Date "2023.06.06"]
[WhiteClock "0:00:05"]
[BlackClock "0:00:11"]
[Board "189"]

1. d4 Nf6 2. c4 e6 3. Nc3 d5 4. cxd5 exd5 5. Bg5 c6 6. e3 Be7 7. Bd3 O-O 8. Qc2 Nbd7 9. Nge2 h6 10. Bh4 b6 11. O-O Bb7 12. f3 c5 13. dxc5 Nxc5 14. Nc1 d4 15. exd4 Qxd4+ 16. Bf2 Qd8 17. Rd1 Nxd3 18. Nxd3 Qc7 19. Bg3 Bd6 20. Bxd6 Qxd6 21. Nf2 Qc5 22. Rac1 Rad8 23. Kh1 Qh5 24. Rxd8 Rxd8 25. Nce4 Nxe4 26. fxe4 Rc8 27. Qd2 Rxc1+ 28. Qxc1 Qe2 29. Kg1 Bxe4 30. Nxe4 Qxe4 31. Qc8+ Kh7 32. Qa6 Qe3+ 33. Kf1 Qc1+ 34. Kf2 Qxb2+ 35. Kg3 Qe5+ 36. Kh3 g5 37. Qd3+ Kg7 38. g4 Qf6 39. Kg2 Qc6+ 40. Qf3 Qxf3+ 41. Kxf3 Kf6 42. Ke4 Ke6 43. a3 a6 44. a4 b5 45. axb5 axb5 46. Kd4 Kd6 47. Kc3 Ke5 48. Kb4 Kf4 49. Kxb5 Kxg4 50. Kc6 f5 51. Kd7 f4 52. Ke6 f3 53. Ke5 f2 54. Ke4 f1=Q 55. Ke3 Kh3 56. Kd4 Kxh2 57. Ke5 g4 58. Ke4 g3 59. Ke3 g2 60. Ke4 g1=Q 61. Ke5 Qgf2 62. Ke4 Q1e1+ 63. Kd3 Qfd2+ 64. Kc4 Qec1+ 65. Kb3 Qdb2+ 66. Ka4 Qca1# 0-1


[Site "https://www.chess.com"]

[Event "Titled Tuesday Blitz June 6 Early 2023"]
[White "KSho99"]
[Black "Toncheva, Nadya"]
[BlackFideId "2924056"]
[WhiteElo "2193"]
[BlackElo "2101"]
[Result "1-0"]
[Round "4"]
[TimeControl "180+2"]
[Date "2023.06.06"]
[WhiteClock "0:00:04"]
[BlackClock "0:00:02"]
[Board "190"]

1. Nf3 c5 2. Nc3 Nc6 3. d4 cxd4 4. Nxd4 g6 5. e4 Bg7 6. Be3 Nf6 7. f3 O-O 8. Qd2 d6 9. O-O-O d5 10. Nxc6 bxc6 11. e5 Nd7 12. f4 Nb6 13. h4 h5 14. Be2 Bf5 15. g4 hxg4 16. h5 gxh5 17. Rxh5 Bg6 18. Rg5 e6 19. Rxg4 Qe7 20. Rdg1 Nc4 21. Bxc4 dxc4 22. Qg2 Rfd8 23. Ne4 c3 24. Bc5 cxb2+ 25. Kb1 Qd7 26. Bd6 c5 27. Rxg6 fxg6 28. Qxg6 Rf8 29. Nf6+ Rxf6 30. exf6 Qf7 31. Qxg7+ Qxg7 32. Rxg7+ Kh8 33. Rd7 Kg8 34. Be5 Rc8 35. f7+ Kf8 36. Bd6+ Kg7 37. f8=Q+ 1-0


[Site "https://www.chess.com"]

[Event "Titled Tuesday Blitz June 6 Early 2023"]
[White "Ciuffoletti, Paolo"]
[Black "Barbot, Pierre"]
[WhiteFideId "807630"]
[BlackFideId "663727"]
[WhiteElo "2143"]
[BlackElo "2431"]
[Result "1-0"]
[Round "4"]
[TimeControl "180+2"]
[Date "2023.06.06"]
[WhiteClock "0:00:13"]
[BlackClock "0:00:02"]
[Board "191"]

1. e4 c6 2. d4 d5 3. exd5 cxd5 4. c4 Nf6 5. Nc3 g6 6. Qb3 Bg7 7. cxd5 O-O 8. Be2 Na6 9. Bf3 b5 10. Bf4 b4 11. Na4 Bb7 12. d6 Bxf3 13. Nxf3 exd6 14. O-O Rb8 15. Rac1 Nc7 16. Rc6 Nfe8 17. Rfc1 Ne6 18. Be3 Nf6 19. d5 Nc5 20. Nxc5 dxc5 21. Bxc5 Re8 22. d6 Ne4 23. Be3 Re6 24. Qc4 Nxd6 25. Qa6 Nb5 26. Rc8 Rxc8 27. Rxc8 Rxa6 28. Rxd8+ Bf8 29. Bh6 1-0


[Site "https://www.chess.com"]

[Event "Titled Tuesday Blitz June 6 Early 2023"]
[White "Pinales Roussel, Gabriel"]
[Black "Dwilewicz, Katarzyna"]
[WhiteFideId "3101762"]
[BlackFideId "1148486"]
[WhiteElo "2027"]
[BlackElo "2098"]
[Result "1-0"]
[Round "4"]
[TimeControl "180+2"]
[Date "2023.06.06"]
[WhiteClock "0:00:52"]
[BlackClock "0:00:02"]
[Board "192"]

1. d4 Nf6 2. c4 g6 3. Nc3 Bg7 4. e4 d6 5. h3 O-O 6. Be3 e5 7. d5 a5 8. g4 Na6 9. Nge2 Nc5 10. Ng3 Bd7 11. Qd2 c6 12. f3 cxd5 13. cxd5 Qb8 14. h4 b5 15. h5 b4 16. Nd1 Nxg4 17. fxg4 Bxg4 18. Nf2 Bf3 19. Rh2 f5 20. Bxc5 dxc5 21. hxg6 hxg6 22. Qg5 Qd6 23. Be2 Bxe2 24. Nxe2 fxe4 25. Nxe4 Qxd5 26. Qxg6 Rf3 27. Rg2 Qf7 28. Qxf7+ Rxf7 29. Nxc5 Rd8 30. Ne6 Rd3 31. Nxg7 Rxg7 32. Rxg7+ Kxg7 33. Rd1 Rh3 34. Rd5 Kf6 35. Rxa5 Rh1+ 36. Kd2 Rb1 37. Kc2 Re1 38. Nc1 e4 39. Rb5 e3 40. Rxb4 Kf5 41. a4 e2 42. Nxe2 Rxe2+ 43. Kc3 Ke6 44. Rd4 Re5 45. b4 1-0


[Site "https://www.chess.com"]